 Dungeon Crawl Stone Soup version 0.24.0-2-g5b39cebb1c (webtiles) character file.

Game seed: 7784860855664844684, levelgen mode: deterministic

519 Mrkan the Grappler (level 7, -3/66 HPs)
             Began as a Troll Monk on Oct 31, 2019.
             Slain by a black bear (5 damage)
             ... on level 4 of the Dungeon.
             The game lasted 00:07:10 (2744 turns).

Mrkan the Grappler (Troll Monk)                     Turns: 2744, Time: 00:07:12

Health: -3/66      AC:  7    Str: 20    XL:     7   Next: 1%
Magic:  6/6        EV: 10    Int:  8    God:
Gold:   135        SH:  0    Dex: 12    Spells: 6/6 levels left

rFire    . . .     SeeInvis .     - Unarmed
rCold    . . .     Gourm    +   (no shield)
rNeg     . . .     Faith    .   a - +0 robe
rPois    .         Spirit   .   (helmet restricted)
rElec    .         Reflect  .   p - +0 cloak
rCorr    .         Harm     .   (gloves unavailable)
MR       .....                  (boots unavailable)
Stlth    ++........             (no amulet)
HPRegen  0.61/turn              (no ring)
MPRegen  0.10/turn              (no ring)

@: no status effects
A: large, unfitting armour, claws 3, fast metabolism 3, gourmand, regeneration
1, shaggy fur 1, tough skin 3
a: no special abilities


You were on level 4 of the Dungeon.
You were very full.

You visited 1 branch of the dungeon, and saw 4 of its levels.

You collected 135 gold pieces.

Inventory:

Hand Weapons
 s - a +0 mace
Missiles
 q - 4 javelins (quivered)
Armour
 a - a +0 robe (worn)
 p - a +0 cloak (worn)
Jewellery
 r - an uncursed ring of ice
 t - a cursed ring of teleportation {unknown}
 u - a +3 ring of intelligence
 v - a +1 ring of slaying {unknown}
Scrolls
 c - 2 scrolls of immolation {unknown}
 d - 4 scrolls of teleportation {unknown}
 e - 5 scrolls of identify {unknown}
 f - a scroll of enchant armour {unknown}
 j - 5 scrolls of remove curse {unknown}
 l - a scroll of enchant weapon {unknown}
 o - a scroll of amnesia {unknown}
Potions
 g - a potion of mutation {unknown}
 h - a potion of heal wounds {unknown}
 i - a potion of agility {unknown}
 k - a potion of brilliance {unknown}
 m - a potion of invisibility {unknown}
 n - a potion of magic {unknown}
 w - a potion of curing {unknown}
Comestibles
 b - 9 rations


   Skills:
 - Level 2.4 Fighting
 - Level 2.4 Dodging
 - Level 1.0 Stealth
 * Level 8.0 Unarmed Combat


You had 6 spell levels left.
You didn't know any spells.
Your spell library was empty.

Dungeon Overview and Level Annotations

Branches:
Dungeon (4/15)
 Temple: D:4-7

Altars:
Cheibriados

Portals:
Sewer: D:4


Innate Abilities, Weirdness & Mutations

You are too large for most types of armour.
You have claws for hands.
Your metabolism is lightning-fast.
You like to eat raw meat.
Your natural rate of healing is unusually fast.
You are covered in fur. (AC +1)
You have extremely tough skin. (AC +3)


Message History

The black bear is almost dead.
The black bear barely misses you. The black bear closely misses you.
The black bear claws you. The orc hits you but does no damage.
You barely miss the black bear.
The black bear is almost dead.
The black bear bites you.
The black bear claws you but does no damage.
The black bear claws you. The orc hits you with a +0 morningstar.
The black bear bites you.
* * * LOW HITPOINT WARNING * * *
The black bear claws you but does no damage. x2
The black bear bites you!
* * * LOW HITPOINT WARNING * * *
The black bear barely misses you. The black bear claws you.
* * * LOW HITPOINT WARNING * * *
The orc misses you. The black bear bites you!
* * * LOW HITPOINT WARNING * * *
The black bear claws you.
You die...

#.#####.# ##.######...o# .......
#.#####.# #........<...##..$....
........# #..........###........
.....#### #..........##.........
......### #..........)).........
#####...###.........)###........
###..............)..........
##.##.......o..##.#.......
#####.##.....@h..............
#.............######.#####...
#..#..........# #.#Sss#...
####..........# #.#ss≈#...
############ #.#s∩≈#... #.#≈≈≈#.


You could see a black bear (berserk) and an orc.

Vanquished Creatures
  An ice beast (D:3)
  A centaur (D:3)
  A howler monkey (D:3)
  A hound (D:4)
  A centaur skeleton (D:4)
  An orc wizard (D:4)
  A worker ant (D:4)
  4 gnolls (D:3)
  4 adders
  2 adder skeletons (D:4)
  2 worms
  2 dart slugs
  2 leopard geckos
  7 orcs
  7 bats
  6 giant cockroaches
  7 hobgoblins
  15 jackals
  10 kobolds
  A quokka (D:2)
  3 ball pythons
  3 frilled lizards
  11 goblins
  9 rats
102 creatures vanquished.

Notes
Turn   | Place    | Note
-------+----------+-------------------------------------------
     0 | D:1      | Mrkan the Troll Monk began the quest for the Orb.
     0 | D:1      | Reached XP level 1. HP: 22/22 MP: 0/0
   179 | D:1      | Reached XP level 2. HP: 29/29 MP: 1/1
   389 | D:1      | Reached skill level 4 in Unarmed Combat
   482 | D:1      | You fall into a shaft and drop 1 floor!
   591 | D:1      | Reached XP level 3. HP: 36/36 MP: 2/2
  1461 | D:2      | Reached XP level 4. HP: 44/44 MP: 3/3
  1640 | D:3      | Reached skill level 5 in Unarmed Combat
  1688 | D:3      | Noticed an ice beast
  1697 | D:3      | Killed an ice beast
  1697 | D:3      | Reached skill level 6 in Unarmed Combat
  1697 | D:3      | Reached XP level 5. HP: 36/50 MP: 4/4
  1900 | D:3      | Noticed a centaur
  1912 | D:3      | Killed a centaur
  1912 | D:3      | Reached skill level 7 in Unarmed Combat
  1912 | D:3      | Reached XP level 6. HP: 40/59 MP: 5/5
  2640 | D:4      | Found a snail-covered altar of Cheibriados.
  2722 | D:4      | Reached skill level 8 in Unarmed Combat
  2722 | D:4      | Reached XP level 7. HP: 65/66 MP: 6/6
  2724 | D:4      | Found a glowing drain.
  2744 | D:4      | HP: 2/66 [black bear (10)]
  2744 | D:4      | Slain by a black bear

Levels and vault maps discovered:
D:1:      psy_arrival_dodecagon, layout_loops_corners
D:2:      layout_loops_ring, serial_aquarium, aquarium_bridge_square
          [aquarium_subvault_window, aquarium_subvault_window,
          aquarium_subvault_wall, aquarium_subvault_bridge], aquarium_window_1,
          aquarium_window_corridor_2, aquarium_view_2b, aquarium_pool_side,
          first_ration
D:3:      corexii_shack_village, layout_loops_ring
D:4:      layout_rooms, nicolae_overflow_crystal_walls, gup_sewer_entry_glass,
          uniq_crazy_yiuf_cottage

Skill      XL: |  1  2  3  4  5  6 |
---------------+-------------------+-----
Unarmed Combat | 4 6 7 8 |  8.0
Fighting       | |  2.4
Dodging        | |  2.4
Stealth        | |  1.0

Action                   |  1- 3 |  4- 6 |  7- 9 || total
-------------------------+-------+-------+-------++-------
Melee: Unarmed           |   116 |   132 |    11 ||   259
       Punch             |     1 |     3 |     1 ||     5
 Stab: Sleeping          |     4 |       |       ||     4
       Distracted        |       |     1 |       ||     1
  Eat: Chunk             |    19 |    11 |       ||    30
Armor: Robe              |    64 |    55 |    10 ||   129
Dodge: Dodged            |    55 |    78 |     9 ||   142
